PA
LAKE ERIE ARRYNS @ CHICAGO TULA
07/16/2042
 
TOP OF THE 1ST
Lake Erie Arryns batting - Pitching for Chicago Tula : RHP Motka Vidyasov
Pitching: RHP Motka Vidyasov
Batting: LHB José López 0-0: Ball
1-0: Swinging Strike
1-1: Swinging Strike
1-2: Ball
2-2: Ball
3-2: Base on Balls
Batting: RHB Shi-yu Ting 0-0: Ball
1-0: Called Strike
1-1: Foul Ball, location: 2F
1-2: Ball
2-2: Ball
3-2: Base on Balls
José López to second
Batting: LHB Michael Cherry 0-0: Ball
1-0: Called Strike
1-1: Swinging Strike
1-2: Strikes out looking
Batting: RHB Phil Underwood 0-0: Called Strike
0-1: Ball
José López steals 3rd base
Shi-yu Ting to second
1-1: Ball
2-1: Foul Ball, location: 2F
2-2: Ball
3-2: Foul Ball, location: 2F
3-2: Base on Balls
Batting: RHB Rafael Gutiérrez 0-0: Ball
1-0: Foul Ball, location: 2F
1-1: Foul Ball, location: 2F
1-2: Ball
2-2: Ball
3-2: Base on Balls
José López scores
Shi-yu Ting to third
Phil Underwood to second
Batting: RHB Rafael Briones 0-0: Called Strike
0-1: Ball
1-1: Called Strike
1-2: Ball
2-2: Strikes out looking
Batting: LHB Erik Weinstein 0-0: Called Strike
0-1: Ball
1-1: Ball
2-1: Swinging Strike
2-2: Strikes out swinging
Top of the 1st over - 1 run, 0 hits, 0 errors, 3 left on base; Lake Erie 1 - Chicago 0
BOTTOM OF THE 1ST
Chicago Tula batting - Pitching for Lake Erie Arryns : RHP Damarco Lyons
Pitching: RHP Damarco Lyons
Batting: LHB Karl Monks 0-0: Swinging Strike
0-1: Ball
1-1: Ball
2-1: Foul Ball, location: 2F
2-2: Ground out 4-3 (Groundball, 4, EV 95.0 MPH)
Batting: RHB Jeff Weber 0-0: Swinging Strike
0-1: Ball
1-1: Ball
2-1: Called Strike
2-2: SINGLE (Line Drive, 4M, EV 98.8 MPH)
Batting: LHB Cisco Gracía 0-0: Swinging Strike
0-1: Ball
1-1: Ball
2-1: Fly out, F8 (Flyball, 8RXD, EV 89.4 MPH)
Batting: RHB Guillermo Dettori 0-0: Ball
1-0: Ball
2-0: Ball
3-0: Called Strike
3-1: Fly out, F9 (Flyball, 89S, EV 81.2 MPH)
Bottom of the 1st over - 0 runs, 1 hit, 0 errors, 1 left on base; Lake Erie 1 - Chicago 0
TOP OF THE 2ND
Lake Erie Arryns batting - Pitching for Chicago Tula : RHP Motka Vidyasov
Batting: RHB Jun Hasegawa 0-0: SINGLE (Groundball, 6MD, EV 95.6 MPH)
Batting: RHB Valerio Salinas 0-0: Foul Ball, location: 2F
0-1: Swinging Strike
0-2: Ball
1-2: Foul Ball, location: 2F
1-2: SINGLE (Groundball, 4MD, EV 109.4 MPH)
Jun Hasegawa to second
Batting: LHB José López 0-0: Swinging Strike
0-1: Ball
1-1: Ball
2-1: Fielders Choice at 2nd, 3-6 (Groundball, 34S, EV 89.4 MPH)
Jun Hasegawa to third
Batting: RHB Shi-yu Ting 0-0: Ball
1-0: Fly out, F3 (Popup, 3S, EV 66.9 MPH)
Batting: LHB Michael Cherry 0-0: Ball
1-0: Foul Ball, location: 2F
1-1: Ball
2-1: Fielders Choice at 2nd, 6-4 (Groundball, 56, EV 81.9 MPH)
Top of the 2nd over - 0 runs, 2 hits, 0 errors, 2 left on base; Lake Erie 1 - Chicago 0
BOTTOM OF THE 2ND
Chicago Tula batting - Pitching for Lake Erie Arryns : RHP Damarco Lyons
Batting: LHB Andrew Gray 0-0: Called Strike
0-1: Hit by Pitch
Batting: RHB Cédric Dumas 0-0: SINGLE (Groundball, 56D, EV 96.9 MPH)
Andrew Gray to second
Batting: LHB Mike Reynolds 0-0: Called Strike
0-1: Ball
1-1: Ball
2-1: Swinging Strike
2-2: Fly out, F6 (Flyball, 56D, EV 93.8 MPH)
Batting: RHB Millard King 0-0: Ball
1-0: Ball
2-0: Ball
3-0: Called Strike
3-1: Foul Ball, location: 2F
3-2: Foul Ball, location: 2F
3-2: Fly out, F1 (Line Drive, P, EV 73.8 MPH)
Batting: RHB Joe Smith 0-0: Fielders Choice at 2nd, 5-4 (Groundball, 56, EV 88.8 MPH)
Bottom of the 2nd over - 0 runs, 1 hit, 0 errors, 2 left on base; Lake Erie 1 - Chicago 0
TOP OF THE 3RD
Lake Erie Arryns batting - Pitching for Chicago Tula : RHP Motka Vidyasov
Batting: RHB Phil Underwood 0-0: Swinging Strike
0-1: Ball
1-1: Ball
2-1: Ground out 6-3 (Groundball, 6, EV 83.1 MPH)
Batting: RHB Rafael Gutiérrez 0-0: Foul Ball, location: 2F
0-1: Called Strike
0-2: Foul Ball, location: 2F
0-2: Ball
1-2: Ball
2-2: Ball
3-2: Strikes out swinging
Batting: RHB Rafael Briones 0-0: Ball
1-0: Ball
2-0: Called Strike
2-1: Swinging Strike
2-2: Foul Ball, location: 2F
2-2: Strikes out looking
Top of the 3rd over - 0 runs, 0 hits, 0 errors, 0 left on base; Lake Erie 1 - Chicago 0
BOTTOM OF THE 3RD
Chicago Tula batting - Pitching for Lake Erie Arryns : RHP Damarco Lyons
Batting: LHB Karl Monks 0-0: Bunt missed!
0-1: Ground out 4-3 (Groundball, 4MD, EV 96.2 MPH)
Batting: RHB Jeff Weber 0-0: Ball
1-0: Ball
2-0: Called Strike
2-1: Foul Ball, location: 2F
2-2: Ground out 5-3 (Groundball, 56, EV 108.1 MPH)
Batting: LHB Cisco Gracía 0-0: Foul Ball, location: 2F
0-1: Ball
1-1: Ball
2-1: Called Strike
2-2: Strikes out swinging
Bottom of the 3rd over - 0 runs, 0 hits, 0 errors, 0 left on base; Lake Erie 1 - Chicago 0
TOP OF THE 4TH
Lake Erie Arryns batting - Pitching for Chicago Tula : RHP Motka Vidyasov
Batting: LHB Erik Weinstein 0-0: Foul Ball, location: 2F
0-1: Ball
1-1: Ball
2-1: Foul Ball, location: 2F
2-2: Ground out 4-3 (Groundball, 34, EV 104.4 MPH)
Batting: RHB Jun Hasegawa 0-0: Called Strike
0-1: Ball
1-1: Foul Ball, location: 2F
1-2: Ball
2-2: Strikes out swinging
Batting: RHB Valerio Salinas 0-0: Called Strike
0-1: Foul Ball, location: 2F
0-2: Ball
1-2: Strikes out swinging
Top of the 4th over - 0 runs, 0 hits, 0 errors, 0 left on base; Lake Erie 1 - Chicago 0
BOTTOM OF THE 4TH
Chicago Tula batting - Pitching for Lake Erie Arryns : RHP Damarco Lyons
Batting: RHB Guillermo Dettori 0-0: Ball
1-0: Ball
2-0: DOUBLE (Line Drive, 8LXD, EV 97.5 MPH)
Batting: LHB Andrew Gray 0-0: Ball
1-0: SINGLE (Groundball, 4MD, EV 100.0 MPH)
Guillermo Dettori to third
Runner from 3rd tries for Home, SAFE, throw by CF to home
Batting: RHB Cédric Dumas 0-0: Swinging Strike
0-1: Called Strike
0-2: Ball
1-2: Ball
2-2: Ball
3-2: Strikes out swinging
Batting: LHB Mike Reynolds 0-0: Ball
Wild Pitch!
Andrew Gray to second
1-0: Ball
2-0: Ball
3-0: Base on Balls
Batting: RHB Millard King 0-0: Ball
1-0: Called Strike
1-1: Foul Ball, location: 2F
1-2: Strikes out looking
Batting: RHB Joe Smith 0-0: Foul Ball, location: 2F
0-1: Called Strike
0-2: Foul Ball, location: 2F
0-2: Ball
1-2: Strikes out swinging
Bottom of the 4th over - 1 run, 2 hits, 0 errors, 2 left on base; Lake Erie 1 - Chicago 1
TOP OF THE 5TH
Lake Erie Arryns batting - Pitching for Chicago Tula : RHP Motka Vidyasov
Batting: LHB José López 0-0: Ball
1-0: Fly out, F7 (Flyball, 78S, EV 92.5 MPH)
Batting: RHB Shi-yu Ting 0-0: Ball
1-0: Fly out, F3 (Popup, 3F, EV 56.2 MPH)
Batting: LHB Michael Cherry 0-0: Ball
1-0: Called Strike
1-1: Ball
2-1: Foul Ball, location: 2F
2-2: Strikes out swinging
Top of the 5th over - 0 runs, 0 hits, 0 errors, 0 left on base; Lake Erie 1 - Chicago 1
BOTTOM OF THE 5TH
Chicago Tula batting - Pitching for Lake Erie Arryns : RHP Damarco Lyons
Batting: LHB Karl Monks 0-0: Swinging Strike
0-1: Called Strike
0-2: Ball
1-2: Strikes out swinging
Batting: RHB Jeff Weber 0-0: Ball
1-0: Called Strike
1-1: Fly out, F7 (Flyball, 78M, EV 86.2 MPH)
Batting: LHB Cisco Gracía 0-0: Fly out, F7 (Flyball, 7S, EV 95.0 MPH)
Bottom of the 5th over - 0 runs, 0 hits, 0 errors, 0 left on base; Lake Erie 1 - Chicago 1
TOP OF THE 6TH
Lake Erie Arryns batting - Pitching for Chicago Tula : RHP Motka Vidyasov
Batting: RHB Phil Underwood 0-0: Called Strike
0-1: Ball
1-1: Foul Ball, location: 2F
1-2: Ball
2-2: Ball
3-2: Foul Ball, location: 2F
3-2: Fly out, F7 (Flyball, 7, EV 90.6 MPH)
Pitching: LHP Peter Bradley
Batting: RHB Rafael Gutiérrez 0-0: Ground out 6-3 (Groundball, 6D, EV 102.5 MPH)
Batting: RHB Rafael Briones 0-0: Called Strike
0-1: Fly out, F8 (Line Drive, 8RD, EV 95.0 MPH)
Top of the 6th over - 0 runs, 0 hits, 0 errors, 0 left on base; Lake Erie 1 - Chicago 1
BOTTOM OF THE 6TH
Chicago Tula batting - Pitching for Lake Erie Arryns : RHP Damarco Lyons
Batting: RHB Guillermo Dettori 0-0: Ball
1-0: Ball
2-0: Called Strike
2-1: Ball
3-1: Base on Balls
Batting: LHB Andrew Gray 0-0: Called Strike
Guillermo Dettori steals 2nd base
0-1: Called Strike
0-2: Ball
1-2: Strikes out swinging
Batting: RHB Cédric Dumas 0-0: Ball
1-0: Called Strike
1-1: Fly out, F6 (Popup, 6M, EV 76.9 MPH)
Batting: LHB Mike Reynolds 0-0: Ball
1-0: Ball
2-0: Fly out, F6 (Popup, 6, EV 60.6 MPH)
Bottom of the 6th over - 0 runs, 0 hits, 0 errors, 1 left on base; Lake Erie 1 - Chicago 1
TOP OF THE 7TH
Lake Erie Arryns batting - Pitching for Chicago Tula : LHP Peter Bradley
Batting: LHB Erik Weinstein 0-0: Ball
1-0: Foul Ball, location: 2F
1-1: Fly out, F8 (Flyball, 78D, EV 101.9 MPH)
Batting: RHB Jun Hasegawa 0-0: Ball
1-0: Foul Ball, location: 2F
1-1: Foul Ball, location: 2F
1-2: Strikes out swinging
Batting: RHB Valerio Salinas 0-0: SINGLE (Groundball, 3D, EV 98.1 MPH)
Batting: LHB José López 0-0: SINGLE (Groundball, 4D, EV 96.2 MPH)
Valerio Salinas to second
Batting: RHB Shi-yu Ting 0-0: Foul Ball, location: 2F
0-1: Ball
1-1: Foul Ball, location: 2F
1-2: Strikes out swinging
Top of the 7th over - 0 runs, 2 hits, 0 errors, 2 left on base; Lake Erie 1 - Chicago 1
BOTTOM OF THE 7TH
Chicago Tula batting - Pitching for Lake Erie Arryns : RHP Damarco Lyons
Batting: RHB Millard King 0-0: Ball
1-0: Ball
2-0: Foul Ball, location: 2F
2-1: Foul Ball, location: 2F
2-2: Ball
3-2: Base on Balls
Batting: RHB Joe Smith 0-0: Bunted foul
0-1: Sac Bunt to 15S - play at first, batter OUT! 1-4
Millard King to second
Batting: LHB Karl Monks 0-0: Ball
1-0: Called Strike
1-1: Called Strike
1-2: Ground out 3-1 (Groundball, 34, EV 100.0 MPH)
Millard King to third
Batting: RHB Jeff Weber 0-0: Ball
1-0: Swinging Strike
1-1: Called Strike
1-2: Strikes out swinging
Bottom of the 7th over - 0 runs, 0 hits, 0 errors, 1 left on base; Lake Erie 1 - Chicago 1
TOP OF THE 8TH
Lake Erie Arryns batting - Pitching for Chicago Tula : LHP Peter Bradley
Batting: LHB Michael Cherry 0-0: Foul Ball, location: 2F
0-1: Swinging Strike
0-2: Foul Ball, location: 2F
0-2: SINGLE (Flyball, 7S, EV 88.8 MPH)
Batting: RHB Phil Underwood 0-0: Ball
1-0: Ball
2-0: Ball
3-0: Called Strike
3-1: Foul Ball, location: 2F
3-2: SINGLE (Groundball, 6MD, EV 105.0 MPH)
Michael Cherry to second
Runner from 2nd tries for 3rd, SAFE, throw by CF made to third
Batting: RHB Rafael Gutiérrez 0-0: Ball
1-0: SINGLE (Line Drive, 6, EV 65.0 MPH) (infield hit)
Michael Cherry scores
Phil Underwood to second
Batting: RHB Rafael Briones 0-0: Bunted foul
0-1: Bunted foul
0-2: Ball
1-2: Foul Ball, location: 2F
1-2: Ball
2-2: Strikes out looking
Batting: LHB Erik Weinstein 0-0: Foul Ball, location: 2F
0-1: Ball
1-1: Called Strike
1-2: Ball
2-2: SINGLE (Line Drive, 8LS, EV 93.1 MPH)
Phil Underwood to third
Rafael Gutiérrez to second
Batting: RHB Jun Hasegawa 0-0: Grounds into double play, 6-2-3 (Groundball, 6, EV 101.9 MPH)
Top of the 8th over - 1 run, 4 hits, 0 errors, 2 left on base; Lake Erie 2 - Chicago 1
BOTTOM OF THE 8TH
Chicago Tula batting - Pitching for Lake Erie Arryns : RHP Damarco Lyons
Pitching: RHP Daniel Tucker
Batting: LHB Cisco Gracía 0-0: Ball
1-0: Fly out, F8 (Flyball, 89D, EV 93.8 MPH)
Batting: RHB Guillermo Dettori 0-0: Ball
1-0: Ground out U3 (Groundball, 3, EV 90.0 MPH)
Batting: LHB Andrew Gray 0-0: Called Strike
0-1: Foul Ball, location: 2F
0-2: Ball
1-2: Strikes out swinging
Bottom of the 8th over - 0 runs, 0 hits, 0 errors, 0 left on base; Lake Erie 2 - Chicago 1
TOP OF THE 9TH
Lake Erie Arryns batting - Pitching for Chicago Tula : LHP Peter Bradley
Batting: RHB Valerio Salinas 0-0: Called Strike
0-1: Ball
1-1: Foul Ball, location: 2F
1-2: Foul Ball, location: 2F
1-2: Ball
2-2: Foul Ball, location: 2F
2-2: Ground out 3-1 (Groundball, 34S, EV 72.5 MPH)
Batting: LHB José López 0-0: Called Strike
0-1: Ball
1-1: Ball
2-1: Swinging Strike
2-2: Foul Ball, location: 2F
2-2: Strikes out swinging
Batting: RHB Shi-yu Ting 0-0: Called Strike
0-1: Ball
1-1: Foul Ball, location: 2F
1-2: Ball
2-2: Ball
3-2: Base on Balls
Pitching: LHP Sergio Rentería
Batting: LHB Michael Cherry 0-0: Ball
1-0: Ball
2-0: Swinging Strike
2-1: SINGLE (Groundball, 34D, EV 104.4 MPH)
Shi-yu Ting to second
Runner from 2nd tries for 3rd, SAFE, throw by RF made to third
Batting: RHB Phil Underwood 0-0: Foul Ball, location: 2F
0-1: SINGLE (Groundball, 56D, EV 108.8 MPH)
Shi-yu Ting scores
Michael Cherry to second
Batting: RHB Rafael Gutiérrez 0-0: Called Strike
0-1: Ball
1-1: Foul Ball, location: 2F
1-2: Fly out, F9 (Flyball, 9D, EV 98.8 MPH)
Top of the 9th over - 1 run, 2 hits, 0 errors, 2 left on base; Lake Erie 3 - Chicago 1
BOTTOM OF THE 9TH
Chicago Tula batting - Pitching for Lake Erie Arryns : RHP Daniel Tucker
Pitching: LHP Paco Solano
Batting: RHB Cédric Dumas 0-0: Ball
1-0: Ball
2-0: Called Strike
2-1: Foul Ball, location: 2F
2-2: Strikes out swinging
Batting: LHB Mike Reynolds 0-0: Ground out 5-3 (Groundball, 56S, EV 75.6 MPH)
Batting: RHB Millard King 0-0: Fly out, F9 (Flyball, 9S, EV 80.6 MPH)
Bottom of the 9th over - 0 runs, 0 hits, 0 errors, 0 left on base; Lake Erie 3 - Chicago 1
Friday, March 26th, 2021 - OOTP Baseball 20.8 Build 74